 Dungeon Crawl Stone Soup version 0.28-a0-863-g8cecda6153 (webtiles) character file.

Game seed: 8844581883871643774

201 bande the Covered (level 5, 0/33 HPs)
             Began as a Gargoyle Fighter on Nov 17, 2021.
             Slain by Eustachio (4 damage)
             ... on level 4 of the Dungeon.
             The game lasted 00:04:24 (3074 turns).

bande the Covered (Gargoyle Fighter)                Turns: 3074, Time: 00:04:25

Health: 0/33       AC: 12    Str: 20    XL:     5   Next: 79%
Magic:  5/5        EV:  9    Int:  9    God:
Gold:   951        SH:  5    Dex:  9    Spells: 4/4 levels left

rFire   . . .      SeeInvis .   a - +0 war axe
rCold   . . .      Faith    .   c - +1 buckler
rNeg    + + .      Spirit   .   b - +0 scale mail
rPois   ∞          Reflect  .   (no helmet)
rElec   +          Harm     .   (no cloak)
rCorr   .          Rampage  .   (no gloves)
Will    .....                   g - +0 pair of boots
Stlth   ..........              (no amulet)
HPRegen 0.11/turn               i - ring of positive energy
MPRegen 0.09/turn               (no ring)

@: mighty, attractive
A: sickness immunity, AC +4, negative energy resistance 1, electricity
resistance, torment resistance 1, petrification resistance
a: no special abilities


You were on level 4 of the Dungeon.
You visited 1 branch of the dungeon, and saw 4 of its levels.

You collected 951 gold pieces.

Inventory:

Hand Weapons
 a - a +0 war axe (weapon)
Armour
 b - a +0 scale mail (worn)
 c - a +1 buckler (worn)
 g - a +0 pair of boots (worn)
Jewellery
 i - a ring of positive energy (left hand)
Potions
 d - a potion of might
 j - a potion of degeneration {unknown}


   Skills:
 + Level 3.9 Fighting
 + Level 3.8 Axes
 + Level 4.2 Armour
 - Level 0.5 Dodging
 + Level 4.0 Shields


You had 4 spell levels left.
You didn't know any spells.
Your spell library contained the following spells:

 Spells                   Type           Power      Damage    Failure   Level
 Slow                     Hex            0%         N/A       73%         1
 Ensorcelled Hibernation  Hex/Ice        0%         N/A       86%         2
 Confusing Touch          Hex            0%         N/A       97%         3
 Tukima's Dance           Hex            0%         N/A       97%         3
 Vampiric Draining        Necr           0%         2d6       97%         3


Dungeon Overview and Level Annotations

Branches:
Dungeon (4/15)
 Temple: D:4-7

Altars:

Shops:
D:1 =   D:3 ?

Annotations:
D:4 Eustachio


Innate Abilities, Weirdness & Mutations

You are immune to sickness and miasma.
Your stone body is resilient. (AC +4)
You are immune to poison.
You resist negative energy. (rN+)
You are resistant to electric shocks. (rElec)
You are resistant to unholy torment.
You are immune to petrification.


Message History

You hit the ball python.
You kill the ball python!
Eustachio gestures wildly while chanting.
Eustachio blinks!
Eustachio hits you but does no damage.
You closely miss Eustachio.
Eustachio is heavily wounded.
Eustachio gestures wildly while chanting.
Eustachio blinks!
You hit Eustachio.
Eustachio is heavily wounded.
Eustachio hits you but does no damage.
Eustachio hits you with a +2 rapier of flaming!
Eustachio burns you.
* * * LOW HITPOINT WARNING * * *
You hit Eustachio.
Eustachio is severely wounded.
Eustachio hits you with a +2 rapier of flaming.
* * * LOW HITPOINT WARNING * * *
Eustachio burns you.
* * * LOW HITPOINT WARNING * * *
Unknown command.
You feel better. You block Eustachio's attack.
It was a potion of attraction.
You feel attractive to monsters.
Eustachio hits you with a +2 rapier of flaming.
* * * LOW HITPOINT WARNING * * *
Eustachio burns you.
* * * LOW HITPOINT WARNING * * *
You feel very mighty all of a sudden.
Eustachio utters an oath, "I will die for my friends!"
Eustachio mumbles some strange words.
Eustachio blinks!
Eustachio is attracted toward you.
You closely miss Eustachio.
Eustachio is severely wounded.
Eustachio hits you but does no damage.
You closely miss Eustachio.
Eustachio is severely wounded.
Eustachio hits you with a +2 rapier of flaming.
You die...

#........(
#........#######
..............#
.............###
#>.$...§.......
#...........###
#..............
####......@....#
#.........@....#
#..)†..........#
#....###.......#
###....#
#.......#
#......#
#.......#
##.#....#
#.......#
#...#+#.#
######### #.###
... #.### ####
.............#


You could see Eustachio.

Vanquished Creatures
  A water moccasin zombie (D:3)
  A jelly (D:4)
  An iguana (D:3)
  3 adders
  A worm (D:4)
  A dart slug (D:1)
  An orc (D:2)
  6 ball pythons
  9 bats
  5 endoplasms
  A giant cockroach (D:1)
  9 goblins
  7 hobgoblins
  A quokka (D:2)
  A frilled lizard (D:1)
  5 kobolds
  3 rats
  A bush (D:1)
57 creatures vanquished.

Vanquished Creatures (others)
  A plant (D:1)
1 creature vanquished.

Grand Total: 58 creatures vanquished

Notes
Turn   | Place    | Note
-------+----------+-------------------------------------------
     0 | D:1      | bande the Gargoyle Fighter began the quest for the Orb.
     0 | D:1      | Reached XP level 1. HP: 14/14 MP: 1/1
   270 | D:1      | Reached XP level 2. HP: 6/19 MP: 2/2
  1089 | D:1      | Found Hawij's Jewellery Shoppe.
  1339 | D:2      | Reached XP level 3. HP: 22/23 MP: 3/3
  2053 | D:2      | Reached XP level 4. HP: 27/28 MP: 4/4
  2356 | D:3      | Reached XP level 5. HP: 32/33 MP: 5/5
  2421 | D:3      | Found Histonid's Magic Scroll Boutique.
  2911 | D:4      | Identified a scroll of acquirement
  2911 | D:4      | Acquired 866 gold pieces
  3030 | D:4      | Noticed Eustachio
  3074 | D:4      | Slain by Eustachio

Illustrated notes

Levels and vault maps discovered:
D:1:      psy_arrival_basics, layout_basic, serial_shops, shop, serial_forest,
          infiniplex_forest_end_2, infiniplex_forest_clump_C,
          infiniplex_forest_join, infiniplex_forest_end_2, chequers_arboretum,
          minmay_tetromino_l4
D:2:      layout_loops_ring, hex_tiny, corexii_shack, chequers_avenue,
          grunt_ministairs_5
D:3:      layout_rooms, serial_shops, shop
D:4:      layout_basic, gammafunk_temple_overflow_claw, uniq_eustachio

Skill      XL: |  1  2  3  4  5 |
---------------+----------------+-----
Axes           | 2 3 |  3.8
Armour         | 4 |  4.2
Shields        | 4 |  4.0
Fighting       | |  3.9
Dodging        | |  0.5

Action                   |  1- 3 |  4- 6 || total
-------------------------+-------+-------++-------
Melee: War axe           |   176 |    83 ||   259
  Use: Scroll            |     4 |     2 ||     6
       Potion            |       |     5 ||     5
Armor: Scale mail        |    72 |    51 ||   123
Dodge: Dodged            |    73 |    29 ||   102
Block: Buckler           |    46 |    30 ||    76

Table legend: (Time is in decaauts)
 A = Elapsed time spent in this place.
 B = Non-inter-level travel time spent in this place.
 C = Inter-level travel time spent in this place.
 D = Time resting spent in this place.
 E = Time spent auto-exploring this place.
 F = Levels seen in this place.
 G = Mean time per level.
                   A        B        C        D        E       F      G
               +--------+--------+--------+--------+--------+-----+--------+
         Total |   3172 |   3172 |      0 |    203 |   2220 |   4 |  793.0 |
       Dungeon |   3172 |   3172 |      0 |    203 |   2220 |   4 |  793.0 |
               +--------+--------+--------+--------+--------+-----+--------+

Top non-repeatable levels by time:
     D:1: 1353 daAuts
     D:2: 1001 daAuts
     D:3: 643 daAuts
     D:4: 174 daAuts
